 Dungeon Crawl Stone Soup version 0.18-a0-730-gccdb743 (webtiles) character file.

20 Inchmeat the Digger (level 2, 0/15 HPs)
             Began as a Gargoyle Earth Elementalist on Apr 18, 2016.
             Slain by a jackal (3 damage)
             ... on level 1 of the Dungeon.
             The game lasted 00:05:35 (762 turns).

Inchmeat the Digger (Gargoyle Earth Elementalist)    Turns: 762, Time: 00:05:35

Health: 0/15       AC:  4    Str: 11    XL:     2   Next: 79%
Magic:  1/5        EV: 12    Int: 15    God:
Gold:   43         SH:  0    Dex: 10    Spells: 1 memorised, 5 levels left

rFire  + . .     SeeInvis .     (no weapon)
rCold  + . .     Clarity  .     a - +0 robe
rNeg   + . .     SustAt   .     (no shield)
rPois  ∞         Gourm    .     (no helmet)
rElec  +         Spirit   .     (no cloak)
rCorr  +         Dismiss  .     (no gloves)
rMut   .         Stasis   .     (no boots)
MR     .....                    (no amulet)
Stlth  ++........               (no ring)
                                e - ring of poison resistance

@: resistant, not resistant to hostile enchantments, unstealthy
A: negative energy resistance 1, electricity resistance, unbreathing,
petrification resistance, rot immunity, AC +2
a: no special abilities


You were on level 1 of the Dungeon.
You were not hungry.

You visited 1 branch of the dungeon, and saw 1 of its levels.

You collected 43 gold pieces.

Inventory:

Missiles
 b - 61 stones (quivered)
Armour
 a - a +0 robe (worn)
Jewellery
 e - a ring of poison resistance (left hand)
Scrolls
 g - a scroll of remove curse {unknown}
Books
 c - a book of Geomancy

   Spells                             Type                      Level
   a - Sandblast                      Earth                        1
   b - Stoneskin                      Transmutation/Earth          2
   c - Passwall                       Transmutation/Earth          3
   d - Stone Arrow                    Conjuration/Earth            3
   e - Petrify                        Transmutation/Earth          4
   f - Lee's Rapid Deconstruction     Earth                        5
Comestibles
 d - a bread ration
 f - a meat ration
 i - 5 chunks of flesh


   Skills:
 - Level 1.5 Dodging
 - Level 2.1 Stealth
 * Level 2.6 Spellcasting
   Level 0.7 Transmutations
 + Level 4.1 Earth Magic


You had 5 spell levels left.
You knew the following spells:

 Your Spells              Type           Power        Failure   Level  Hunger
a - Sandblast             Erth           ##....       4%          1    #......


Dungeon Overview and Level Annotations

Branches:
Dungeon (1/15)

Altars:


Innate Abilities, Weirdness & Mutations

You are resistant to torment.
Your stone body is resilient (AC +2).
You are immune to poison.
You resist negative energy.
You are resistant to electric shocks.
You can survive without breathing.
You are immune to petrification.
You are immune to rotting.


Message History

The jackal bites you.
* * * LOW HITPOINT WARNING * * *
The jackal closely misses you.
Casting: Sandblast
Confirm with . or Enter, or press ? or * to list all spells.
You don't have enough magic to cast that spell.
Unknown command.
The jackal barely misses you.
The jackal bites you but does no damage.
The jackal misses you. The jackal misses you. The jackal misses you.
The jackal stops to sniff the ground.
The jackal misses you.
Items here: ! ) ? [ a spear; a ring mail; an emerald potion; a scroll labeled QOALALUMAT The jackal misses you.
Some of the chunks of flesh in your inventory have rotted away.
The jackal bites you.
You die...

##.## #.##.# ######
######.#.########....###.....
#(....###.##.......#.........
#.####.#..÷÷.#####.# ###.#### #.#
##.###........# .....# ####.###
### #........# #.#... #......#
##.#.###.# #.#... ##.##.#.# #.#.#
.# #..... ......#.# #@..###.#
###...
##....#.########h......#### #...
##.##.#.#.....##..........####...
##......#.....##.................
###.#.###......).................
###.#.# #.....##.................
......# #.....##..........####...
###.### ############.###### #...
#.# #.# #...


You could see a jackal.

Vanquished Creatures
  2 giant cockroaches (D:1)
  A goblin (D:1)
  2 jackals (D:1)
  3 bats (D:1)
  8 kobolds (D:1)
  4 rats (D:1)
20 creatures vanquished.

Notes
Turn   | Place    | Note
--------------------------------------------------------------
     0 | D:1      | Inchmeat the Gargoyle Earth Elementalist began the quest for the Orb.
     0 | D:1      | Reached XP level 1. HP: 10/10 MP: 3/3
   323 | D:1      | Reached XP level 2. HP: 15/15 MP: 3/5
   537 | D:1      | Reached skill level 4 in Earth Magic
   762 | D:1      | Slain by a jackal

Vault maps used:
D:1:      wheals_arrival_shading

Action                   || total
-------------------------++-------
Melee: Unarmed           ||    26
 Cast: Sandblast         ||    38
  Use: Potion            ||     1
